 Dungeon Crawl Stone Soup version 0.22-a0-782-g038298e (console) character file.

319 removed the Covered (level 6, -2/47 HPs)
             Began as a Demonspawn Wanderer on July 20, 2018.
             Was an Initiate of Qazlal.
             Killed by the meddling of Cheibriados (20 damage)
             ... on level 4 of the Dungeon.
             The game lasted 00:06:46 (4019 turns).

removed the Covered (Demonspawn Wanderer)           Turns: 4019, Time: 00:06:46

Health: -2/47      AC: 12    Str: 15    XL:     6   Next: 21%
Magic:  10/10      EV:  9    Int: 12    God:    Qazlal [......]
Gold:   78         SH:  0    Dex: 13    Spells: 11/11 levels left

rFire    . . .     SeeInvis .   a - +2 short sword (drain)
rCold    + . .     Gourm    .   (no shield)
rNeg     . . .     Faith    .   g - +2 scale mail
rPois    .         Spirit   .   (no helmet)
rElec    .         Reflect  .   (no cloak)
rCorr    .         Harm     .   (no gloves)
MR       .....                  m - +0 pair of boots
Stlth    ..........             (no amulet)
HPRegen  0.15/turn              (no ring)
MPRegen  0.12/turn              (no ring)

@: very slow
A: hooves 2, yellow scales 1, cold resistance 1, freezing cloud immunity
a: Renounce Religion


You were on level 4 of the Dungeon.
You worshipped Qazlal.
Qazlal was noncommittal.
You were very hungry.

You visited 1 branch of the dungeon, and saw 4 of its levels.

You collected 78 gold pieces.

Inventory:

Hand Weapons
 a - a +2 short sword of draining (weapon)
 d - a +0 club
Armour
 g - a +2 scale mail (worn)
 m - a +0 pair of boots (worn)
Scrolls
 i - 3 scrolls of identify {unknown}
 k - a scroll of magic mapping {unknown}
 n - 2 scrolls of fog {unknown}
 p - a scroll of amnesia {unknown}
Potions
 j - a potion of curing {unknown}
 l - a potion of brilliance {unknown}
 r - a potion of mutation {unknown}
 s - a potion of degeneration {unknown}
Comestibles
 f - 2 rations


   Skills:
 + Level 3.6 Fighting
 - Level 5.0 Armour
 - Level 3.0 Spellcasting
   Level 1.0 Charms
   Level 1.0 Translocations
   Level 2.0 Evocations


You had 11 spell levels left.
You didn't know any spells.
Your spell library contained the following spells:

 Spells                   Type           Power        Failure   Level  Hunger
 Summon Small Mammal      Summ           #...         65%         1    #......
 Stone Arrow              Conj/Erth      #.....       95%         3    ###....
 Sandblast                Erth           #.....       65%         1    #......
 Summon Guardian Golem    Hex/Summ       #.......     95%         3    ###....


Dungeon Overview and Level Annotations

Branches:
Dungeon (4/15)
 Temple: D:4-7

Altars:
Cheibriados
Qazlal
Trog
Wu Jian
Zin

Annotations:
D:3 3 runed doors, Zgarb's ghost, amateur GrEE


Innate Abilities, Weirdness & Mutations

You have hoof-like feet.
You are partially covered in yellow scales. (AC +2)
Your flesh is cold resistant. (rC+)
You are immune to freezing clouds.


Message History

You aren't carrying any items that you can evoke.
As you open the door, it creaks loudly!
There is an open door here.
There is a stone staircase leading up here.
The ogre closely misses you. The ogre hits you with a giant club!
The ogre closely misses you.
There is a stone staircase leading up here.
The ogre barely misses you. The ogre hits you with a giant club!
The ogre barely misses you. The ogre barely misses you.
The ogre hits you with a giant club! The ogre closely misses you.
Press: ? - help, v - describe, . - travel
Here: an ogre, wielding a giant club The floor.
Cheibriados adjusts the clock.
You partially resist.
You are encased in ice!
You die...

#......#########.###..####(#
###.##.##########.#.#.####.#
##...............#.##......#
#......##........#.#########
#......##.............#
..........<.......#.##.#
.#....#.##........#.##.###
#>#..#.##........#......#
#.#...........@..####.#.#
.#.##.........O#####.#.#
......###'###........#.#
#!$.#.# #.# #.########.#
#..O..###.###........ .#
.#.'.._..'..###### ##
#.#######..# # ### #..# ###
#..#


You could see an ogre.

Vanquished Creatures
  A centaur (D:3)
  A scorpion (D:4)
  A hound skeleton (D:4)
  6 gnolls (D:3)
  5 adders
  2 worms
  2 dart slugs (D:1)
  A leopard gecko (D:4)
  3 orcs (D:3)
  5 bats
  2 giant cockroaches
  6 goblins
  12 hobgoblins
  3 jackals (D:1)
  6 kobolds
  A quokka (D:3)
  6 frilled lizards
  A leopard gecko skeleton (D:4)
  2 rats
66 creatures vanquished.

Notes
Turn   | Place    | Note
-------+----------+-------------------------------------------
     0 | D:1      | removed the Demonspawn Wanderer began the quest for the Orb.
     0 | D:1      | removed set off with: a +2 scale mail, a +0 club, a ration
     0 | D:1      | Reached XP level 1. HP: 15/15 MP: 4/4
   123 | D:1      | Gained mutation: You have large cloven feet. [demonic ancestry]
   123 | D:1      | Reached XP level 2. HP: 22/22 MP: 6/6
   678 | D:1      | Gained mutation: You are partially covered in yellow scales. (AC +2) [demonic ancestry]
   678 | D:1      | Reached XP level 3. HP: 29/29 MP: 7/7
  1189 | D:2      | Reached skill level 2 in Armour
  1283 | D:2      | Found a faded altar of an unknown god.
  1293 | D:2      | Became a worshipper of Cheibriados the Contemplative
  1293 | D:2      | Reached * piety under Cheibriados
  1294 | D:2      | Fell from the grace of Cheibriados
  2373 | D:3      | Reached skill level 3 in Armour
  2373 | D:3      | Gained mutation: Your flesh is cold resistant. (rC+) [demonic ancestry]
  2373 | D:3      | Reached XP level 4. HP: 34/35 MP: 8/8
  2461 | D:3      | Noticed a centaur
  2469 | D:3      | Killed a centaur
  2469 | D:3      | Reached skill level 4 in Armour
  2469 | D:3      | Gained mutation: You have hoof-like feet. [demonic ancestry]
  2469 | D:3      | Reached XP level 5. HP: 20/41 MP: 9/9
  2732 | D:3      | Found a stormy altar of Qazlal.
  2862 | D:3      | Found a glowing silver altar of Zin.
  2901 | D:3      | Became a worshipper of Qazlal Stormbringer
  3168 | D:3      | Found a bloodstained altar of Trog.
  3230 | D:3      | Found a runed gate.
  3230 | D:3      | Found a runed gate.
  3230 | D:3      | Found a runed gate.
  3235 | D:3      | Noticed Zgarb's ghost (amateur GrEE)
  3355 | D:3      | Reached skill level 5 in Armour
  3706 | D:4      | Gained mutation: You are immune to freezing clouds. [demonic ancestry]
  3706 | D:4      | Reached XP level 6. HP: 41/47 MP: 10/10
  3972 | D:4      | Found an ornate altar of the Wu Jian Council.
  4019 | D:4      | Killed by the meddling of Cheibriados

Vault maps used:
D:1:      minmay_arrival_wavy_path
D:2:      chequers_ecumenical_altar_island
D:3:      zin_treasury, lemuel_crystal_altar, ebering_ghost_rock_garden,
          grunt_qazlal_clouds
D:4:      lemuel_crystal_altar, lemuel_doored_altar, grunt_temple_overflow_open,
          first_ration

Skill      XL: |  1  2  3  4  5 |
---------------+----------------+-----
Fighting       | 2 3 |  3.6
Armour         | 3 4 5 |  5.0
Spellcasting   | |  3.0
Charms         | |  1.0
Translocations | |  1.0
Evocations     | |  2.0

Action                   |  1- 3 |  4- 6 || total
-------------------------+-------+-------++-------
Melee: Short sword       |   106 |   125 ||   231
       Kick              |     8 |       ||     8
Invok: Renounce Religion |     1 |       ||     1
  Eat: Chunk             |     2 |     5 ||     7
       Ration            |     1 |       ||     1
Armor: Scale mail        |    68 |    55 ||   123
Dodge: Dodged            |    49 |    67 ||   116

Table legend:
 A = Spawn XP
 B = Non-spawn XP
 C = Spawn XP percentage of total XP
 D = Spawn monster count
 E = Non-spawn monster count
 F = Spawn count percentage of total count
 G = Total turns spent on level
                    A         B        C        D         E        F      G
               +---------+---------+-------+---------+---------+-------+---------
         Total |       0 |     456 |   0.0 |       0 |      66 |   0.0 |  4019
               +---------+---------+-------+---------+---------+-------+---------
           D:1 |       0 |      44 |   0.0 |       0 |      22 |   0.0 |  1127
           D:2 |       0 |      47 |   0.0 |       0 |      12 |   0.0 |  1173
           D:3 |       0 |     273 |   0.0 |       0 |      28 |   0.0 |  1382
           D:4 |       0 |      92 |   0.0 |       0 |       4 |   0.0 |   337
               +---------+---------+-------+---------+---------+-------+---------
